 Dungeon Sprint DCSS version 0.17-a0-1667-g4ca74a1 (webtiles) character file.

1866 Kidiri the Covert (level 8, 0/36 HPs)
             Began as a Spriggan Enchanter on Aug 17, 2015.
             Was a Believer of Dithmenos.
             Slain by a centaur warrior (9 damage)
             ... in the Dungeon (Sprint III: "The Ten Rune Challenge").
             The game lasted 00:08:20 (1440 turns).

Kidiri the Covert (Spriggan Enchanter)              Turns: 1440, Time: 00:08:21

Health: 0/36       AC:  4    Str:  4    XL:     8   Next: 90%
Magic:  8/23       EV: 30    Int: 19    God:    Dithmenos [**....]
Gold:   23         SH:  0    Dex: 20    Spells: 12 memorised, 2 levels left

rFire  . . .     SeeInvis +     a - +1 dagger
rCold  . . .     Clarity  .     b - +1 robe
rNeg   . . .     SustAt   .     (shield restricted)
rPois  .         Gourm    .     (helmet restricted)
rElec  .         Spirit   .     f - +1 cloak
rCorr  .         Warding  .     (gloves unavailable)
rMut   .         NoTele   +     (boots unavailable)
MR     +....                    (no amulet)
Stlth  +++++++++.               (no ring)
                                (no ring)

@: wreathed by umbra, very quick, somewhat resistant to hostile enchantments,
incredibly stealthy
A: unfitting armour, thin skeletal structure 1, see invisible, clever 1,
deformed body, herbivore 3, speed 3, slow metabolism 2
a: Shadow Step, Renounce Religion


You were in the Dungeon.
You worshipped Dithmenos.
Dithmenos was pleased with you.
You were not hungry.

You visited 1 branch You collected 23 gold pieces.

Inventory:

Hand weapons
 a - a +1 dagger (weapon)
 k - a +0 short sword
Armour
 b - a +1 robe (worn)
 f - a +1 cloak (worn)
Scrolls
 j - a scroll of blinking
 m - a scroll of holy word
 t - a scroll of remove curse
Potions
 e - 3 potions of curing
 g - a potion of haste
 h - 2 potions of magic
 i - 2 potions of berserk rage
 o - a potion of might
 q - 4 potions of cure mutation
 r - 4 potions of flight
Books
 c - a book of Maledictions

   Spells                             Type                      Level
   a - Corona                         Hexes                        1
   b - Ensorcelled Hibernation        Hexes/Ice                    2
   c - Confuse                        Hexes                        3
   d - Tukima's Dance                 Hexes                        3
   e - Dazzling Spray                 Conjuration/Hexes            3
 l - a book of Battle

   Spells                             Type                      Level
   a - Infusion                       Charms                       1
   b - Shroud of Golubria             Charms/Translocation         2
   c - Song of Slaying                Charms                       2
   d - Spectral Weapon                Hexes/Charms                 3
   e - Regeneration                   Charms/Necromancy            3
 n - a book of Necromancy

   Spells                             Type                      Level
   a - Pain                           Necromancy                   1
   b - Animate Skeleton               Necromancy                   1
   c - Vampiric Draining              Necromancy                   3
   d - Regeneration                   Charms/Necromancy            3
   e - Animate Dead                   Necromancy                   4
   f - Control Undead                 Necromancy                   4
Comestibles
 d - a bread ration
 p - 3 royal jellies


   Skills:
 + Level 6.7 Short Blades
 * Level 12.4 Dodging
 * Level 13.6 Stealth
 * Level 10.6 Spellcasting
 + Level 3.6 Conjurations
 + Level 8.4 Hexes
 + Level 4.3 Charms
 + Level 2.6 Necromancy
 + Level 4.6 Translocations
 + Level 4.7 Ice Magic
 - Level 2.6 Invocations


You had 2 spell levels left.
You knew the following spells:

 Your Spells              Type           Power        Failure   Level  Hunger
a - Corona                Hex            #####..      1%          1    None
b - Ensorcelled Hibernat  Hex/Ice        #####.       1%          2    None
c - Confuse               Hex            #####...     1%          3    None
d - Tukima's Dance        Hex            #####...     1%          3    None
e - Dazzling Spray        Conj/Hex       ####....     1%          3    None
f - Pain                  Necr           ###.         2%          1    None
g - Infusion              Chrm           ####..       1%          1    None
h - Spectral Weapon       Hex/Chrm       ####....     1%          3    None
i - Shroud of Golubria    Chrm/Tloc      ####......   1%          2    None
j - Animate Skeleton      Necr           N/A          2%          1    None
k - Regeneration          Chrm/Necr      ###.......   6%          3    None
l - Vampiric Draining     Necr           ###.......   10%         3    None


Dungeon Overview and Level Annotations

Branches:
Dungeon (1/1)

Altars:
Cheibriados
Dithmenos
Elyvilon
Fedhas
Gozag
Kikubaaqudgha
Makhleb
Nemelex Xobeh
Okawaru
Qazlal
Ru
Sif Muna
Trog
Vehumet
Xom
Yredelemnul
Zin
The Shining One
Jiyva
Lugonu


Innate Abilities, Weirdness & Mutations

You are tiny and cannot use many weapons and most armour.
You have supernaturally acute eyesight.
You are a herbivore.
You cover ground extremely quickly.
You need consume almost no food.
You have a somewhat thin skeletal structure (Dex +2, Stealth).
Your mind is acute. (Int +2)
Armour fits poorly on your strangely shaped body.


Message History

The centaur warrior is almost dead.
The centaur warrior completely misses you.
The centaur shoots an arrow.
The arrow hits you.
Casting: Dazzling Spray
Confirm with . or Enter, or press ? or * to list all spells.
Aiming: Confuse
Press: ? - help, Shift-Dir - straight line, f - centaur, p - centaur warrior
Aim: a centaur, wielding a shortbow (moderately wounded, blind, umbra, chance to defeat MR: 68%)
The centaur appears confused.
The centaur warrior hits you.
* * * LOW HITPOINT WARNING * * *
Unknown command.
Casting: Confuse
Confirm with . or Enter, or press ? or * to list all spells.
Aiming: Confuse
Press: ? - help, Shift-Dir - straight line, f - centaur warrior, p - centaur
Aim: a centaur warrior (almost dead, umbra, chance to defeat MR: 50%)
The centaur warrior resists with significant effort.
The centaur warrior hits you but does no damage.
The centaur warrior hits you!
You die...

)#._# ##+## ....#
....# ###'#
#...#+###############
#...#..≈≈≈'.#.(.c.'.#
#...#§#§≈§#.#.#...#
#...§§#§§§#.#.#)@.#
+...#.#§§§#...#(c.#
▓▓▓▓▓▓▓▓▓▓▓▓▓▓▓▓▓▓#


You could see a centaur warrior and a centaur (confused).

Vanquished Creatures
  Erica (D)
  A deep elf priest (D)
  A shadow (D)
  A spatial vortex (D)
  A centaur (D)
  A necrophage (D)
  An earth elemental (D)
  A water elemental (D)
  A jelly (D)
  Crazy Yiuf (D)
  A wizard (D)
  A necromancer (D)
  3 humans (D)
  A kobold demonologist (D)
  2 oozes (D)
  2 rats (D)
20 creatures vanquished.

Vanquished Creatures (others)
  2 draconian scorchers (D)
  A yaktaur (D)
3 creatures vanquished.

Grand Total: 23 creatures vanquished

Notes
Turn   | Place    | Note
--------------------------------------------------------------
     0 | D        | Kidiri the Spriggan Enchanter began the quest for the Orb.
     0 | D        | Reached XP level 1. HP: 9/9 MP: 5/5
    16 | D        | Reached skill level 5 in Stealth
   107 | D        | Killed a yaktaur
   169 | D        | Killed a white draconian scorcher
   171 | D        | Killed a white draconian scorcher
   178 | D        | Reached XP level 2. HP: 13/13 MP: 5/7
   189 | D        | Learned a level 2 spell: Ensorcelled Hibernation
   259 | D        | Noticed Crazy Yiuf
   285 | D        | Killed Crazy Yiuf
   285 | D        | Reached skill level 5 in Dodging
   285 | D        | Reached skill level 6 in Stealth
   285 | D        | Reached skill level 1 in Ice Magic
   285 | D        | Reached XP level 3. HP: 6/16 MP: 0/10
   486 | D        | Learned a level 3 spell: Confuse
   490 | D        | Learned a level 3 spell: Tukima's Dance
   516 | D        | Reached skill level 7 in Stealth
   638 | D        | Gained mutation: You have a somewhat thin skeletal structure (Dex +2, Stealth). [potion of mutation]
   638 | D        | Gained mutation: You have sharp toenails. [potion of mutation]
   638 | D        | Gained mutation: Armour fits poorly on your strangely shaped body. [potion of mutation]
   639 | D        | Gained mutation: Your mind is acute. (Int +2) [potion of mutation]
   639 | D        | Lost mutation: You have sharp toenails. [potion of mutation]
   746 | D        | Noticed a water elemental
   749 | D        | Killed a water elemental
   749 | D        | Reached skill level 8 in Stealth
   749 | D        | Reached skill level 5 in Spellcasting
   749 | D        | Reached skill level 5 in Hexes
   749 | D        | Reached XP level 4. HP: 21/21 MP: 10/12
   767 | D        | Noticed a jelly
   768 | D        | Noticed a shadow
   774 | D        | Killed a jelly
   774 | D        | Reached XP level 5. HP: 24/24 MP: 12/14
   805 | D        | Learned a level 3 spell: Dazzling Spray
   944 | D        | Killed a shadow
   944 | D        | Reached skill level 9 in Dodging
   944 | D        | Reached skill level 10 in Stealth
   944 | D        | Reached skill level 1 in Conjurations
   944 | D        | Reached XP level 6. HP: 10/28 MP: 0/17
  1262 | D        | Found a stormy altar of Qazlal.
  1262 | D        | Found a sacrificial altar of Ru.
  1262 | D        | Found a burning altar of Makhleb.
  1262 | D        | Found a shimmering altar of Xom.
  1263 | D        | Noticed a spatial vortex
  1263 | D        | Found a viscous altar of Jiyva.
  1263 | D        | Found a shadowy altar of Dithmenos.
  1263 | D        | Found a sparkling altar of Nemelex Xobeh.
  1263 | D        | Found a corrupted altar of Lugonu.
  1263 | D        | Found an opulent altar of Gozag.
  1268 | D        | Became a worshipper of Dithmenos the Shadowed
  1273 | D        | Killed a spatial vortex
  1273 | D        | Reached skill level 5 in Short Blades
  1273 | D        | Reached skill level 1 in Invocations
  1298 | D        | Found a radiant altar of Vehumet.
  1299 | D        | Found a deep blue altar of Sif Muna.
  1299 | D        | Found an ancient bone altar of Kikubaaqudgha.
  1299 | D        | Noticed a wizard
  1300 | D        | Killed a wizard
  1300 | D        | Reached skill level 11 in Stealth
  1310 | D        | Learned a level 1 spell: Pain
  1312 | D        | Learned a level 1 spell: Infusion
  1316 | D        | Learned a level 3 spell: Spectral Weapon
  1319 | D        | Learned a level 2 spell: Shroud of Golubria
  1331 | D        | Found a glowing silver altar of Zin.
  1332 | D        | Found a glowing golden altar of the Shining One.
  1332 | D        | Found a white marble altar of Elyvilon.
  1332 | D        | Noticed a deep elf priest
  1335 | D        | Killed a deep elf priest
  1335 | D        | Reached skill level 10 in Dodging
  1335 | D        | Reached XP level 7. HP: 32/32 MP: 18/20
  1351 | D        | Found an iron altar of Okawaru.
  1352 | D        | Found a bloodstained altar of Trog.
  1352 | D        | Noticed a human
  1352 | D        | Noticed a human
  1354 | D        | Killed a human
  1354 | D        | Reached skill level 12 in Stealth
  1354 | D        | Reached skill level 1 in Charms
  1354 | D        | Reached skill level 1 in Translocations
  1355 | D        | Killed a human
  1355 | D        | Reached skill level 1 in Necromancy
  1372 | D        | Found a snail-covered altar of Cheibriados.
  1372 | D        | Noticed a necrophage
  1373 | D        | Found a basalt altar of Yredelemnul.
  1373 | D        | Found a blossoming altar of Fedhas.
  1373 | D        | Noticed a necromancer
  1374 | D        | Killed a necrophage
  1374 | D        | Acquired Dithmenos's first power
  1374 | D        | Reached XP level 8. HP: 36/36 MP: 22/22
  1375 | D        | Killed a necromancer
  1397 | D        | Noticed Erica
  1399 | D        | Killed Erica
  1399 | D        | Reached skill level 13 in Stealth
  1399 | D        | Reached skill level 10 in Spellcasting
  1404 | D        | Learned a level 1 spell: Animate Skeleton
  1408 | D        | Learned a level 3 spell: Regeneration
  1412 | D        | Learned a level 3 spell: Vampiric Draining
  1417 | D        | Noticed an earth elemental
  1420 | D        | Killed an earth elemental
  1425 | D        | Noticed a centaur
  1425 | D        | Noticed a centaur warrior
  1425 | D        | Noticed a centaur
  1431 | D        | Killed a centaur
  1440 | D        | Slain by a centaur warrior

Vault maps used:
D:        dungeon_sprint_mu

Action                   |  1- 3 |  4- 6 |  7- 9 || total
-------------------------+-------+-------+-------++-------
Melee: Dagger            |    10 |     1 |    13 ||    24
       Short sword       |    25 |    24 |       ||    49
 Cast: Ensorcelled Hiber |     5 |       |     1 ||     6
       Confuse           |     1 |     3 |     2 ||     6
       Tukima's Dance    |     1 |       |       ||     1
       Dazzling Spray    |       |     8 |     3 ||    11
  Use: Potion            |     3 |       |       ||     3
       Scroll            |     3 |     1 |       ||     4
 Stab: Sleeping          |     6 |     5 |     6 ||    17
       Confused          |     1 |     1 |       ||     2
       Invisible         |       |       |     2 ||     2
